 Dungeon Crawl Stone Soup version 0.28.0-53-g5a82cb258f (webtiles) character file.

Game seed: 8491225215345949855

257 Peloso the Slasher (level 5, 0/46 HPs)
             Began as a Minotaur Fighter on July 15, 2022.
             Succumbed to an orc wizard's poison
             ... on level 4 of the Dungeon.
             The game lasted 00:03:39 (2488 turns).

Peloso the Slasher (Minotaur Fighter)               Turns: 2488, Time: 00:03:39

Health: 0/46       AC: 12    Str: 21    XL:     5   Next: 93%
Magic:  4/4        EV:  7    Int:  5    God:
Gold:   109        SH:  0    Dex: 11    Spells: 4/4 levels left

rFire   . . .      SeeInvis .   a - +0 long sword
rCold   . . .      Faith    .   c - +0 buckler
rNeg    . . .      Spirit   .   l - +0 chain mail
rPois   .          Reflect  .   (helmet restricted)
rElec   .          Harm     .   o - +0 cloak
rCorr   .          Rampage  .   (no gloves)
Will    .....                   h - +0 pair of boots
Stlth   ..........              (no amulet)
HPRegen 0.15/turn               (no ring)
MPRegen 0.09/turn               (no ring)

@: confused, lethally poisoned (0 -> -3)
A: horns 2, retaliatory headbutt
a: no special abilities


You were on level 4 of the Dungeon.
You visited 1 branch of the dungeon, and saw 4 of its levels.

You collected 109 gold pieces.

Inventory:

Hand Weapons
 a - a +0 long sword (weapon)
Armour
 b - a +0 scale mail
 c - a +0 buckler (worn)
 h - a +0 pair of boots (worn)
 l - a +0 chain mail (worn)
 o - a +0 cloak (worn)
Jewellery
 m - an amulet of magic regeneration
Wands
 p - a wand of polymorph (12)
Scrolls
 e - a scroll of noise {unknown}
 f - a scroll of immolation
 g - a scroll of identify {unknown}
 i - a scroll of magic mapping {unknown}
 k - a scroll of fog {unknown}
 n - a scroll of enchant armour {unknown}
Potions
 d - a potion of might


   Skills:
 + Level 4.2 Fighting
 + Level 5.2 Long Blades
 + Level 5.0 Armour
 + Level 1.1 Dodging
 + Level 0.1 Stealth
 + Level 4.7 Shields


You had 4 spell levels left.
You didn't know any spells.
Your spell library contained the following spells:

 Spells                   Type           Power      Damage    Failure   Level
 Dazzling Flash           Conj/Hex       0%         N/A       100%        3
 Agony                    Necr           0%         N/A       100%        5
 Silence                  Hex/Air        0%         N/A       100%        5


Dungeon Overview and Level Annotations

Branches:
Dungeon (4/15)
 Temple: D:4-7

Altars:


Innate Abilities, Weirdness & Mutations

You have a pair of horns on your head.
You reflexively headbutt those who attack you in melee.


Message History

You hit the orc wizard.
The orc wizard is heavily wounded.
You feel sick.
The orc wizard hits you but does no damage.
You are lethally poisoned!
The orc hits you with a +0 dagger.
* * * LOW HITPOINT WARNING * * *
You slash the orc wizard! Your headbutt misses the orc wizard.
The orc wizard is almost dead.
* * * LOW HITPOINT WARNING * * *
You feel very sick. The orc wizard barely misses you.
The orc hits you but does no damage.
The orc wizard casts a spell.
The orc wizard flickers and vanishes!
Deactivating autopickup; reactivate with Ctrl-A.
You closely miss something.
* * * LOW HITPOINT WARNING * * *
You feel very sick. The orc barely misses you.
Something hits you but does no damage.
You closely miss something. Your headbutt misses something.
* * * LOW HITPOINT WARNING * * *
You feel sick. You block the orc's attack.
You hear some strange, mumbled words.
You are confused.
You miss something.
* * * LOW HITPOINT WARNING * * *
You feel sick. The orc barely misses you.
You hear some strange, mumbled words.
A magic dart appears from out of thin air!
The magic dart hits you but does no damage.
The orc hits you but does no damage.
You hit something.
Reactivating autopickup.
You feel a bit more experienced.
* * * LOW HITPOINT WARNING * * *
You feel sick. The orc hits you but does no damage.
Your Armour skill increases to level 5!
Unknown command.
You bump into the rock wall.
You die...

...# ## ######.######.
#### #####....†.....##.
#...##........†.###.##†
#.................>....
...<................#.#
#......................
#..#o.##.)########.#.#
#...)@.........+ #.#.#
##..#)##..###### #+#.#
#....##..# #[.
##...##..# ##+
#...##... #..
#...###..# #+#.. #...#
#..+ #.... #.... ###
###.. #.+..


You could see an orc.

Vanquished Creatures
  A hound (D:4)
  An iguana (D:4)
  2 orc wizards
  4 adders
  3 gnolls (D:4)
  A worm (D:3)
  3 dart slugs
  7 orcs
  4 bats
  11 endoplasms
  2 giant cockroaches
  5 goblins
  7 hobgoblins
  4 jackals (D:2)
  A quokka (D:1)
  7 ball pythons
  A frilled lizard (D:2)
  4 kobolds
  4 rats
  A spectral goblin (D:1)
73 creatures vanquished.

Notes
Turn   | Place    | Note
-------+----------+-------------------------------------------
     0 | D:1      | Peloso the Minotaur Fighter began the quest for the Orb.
     0 | D:1      | Reached XP level 1. HP: 19/19 MP: 0/0
    37 | D:1      | Found a faded altar of an unknown god.
    96 | D:1      | Reached XP level 2. HP: 20/27 MP: 1/1
   561 | D:1      | Reached XP level 3. HP: 27/33 MP: 2/2
  1155 | D:2      | Reached XP level 4. HP: 40/40 MP: 3/3
  2195 | D:4      | Reached skill level 1 in Dodging
  2241 | D:4      | Reached XP level 5. HP: 42/46 MP: 4/4
  2461 | D:4      | Reached skill level 5 in Long Blades
  2486 | D:4      | HP: 2/46 [poisoned by an orc wizard]
  2488 | D:4      | Reached skill level 5 in Armour
  2488 | D:4      | Succumbed to an orc wizard's poison

Illustrated notes

Levels and vault maps discovered:
D:1:      heliophobic_arrival_henge, layout_rooms,
          dreamdust_ecumenical_altar_drowned_temple
D:2:      layout_basic
D:3:      layout_basic
D:4:      nicolae_cairo_tiling_large, layout_loops_ring,
          minmay_temple_entry_enclosed_plants

Skill      XL: |  1  2  3  4  5 |
---------------+----------------+-----
Shields        | 4 |  4.7
Armour         | 4 5 |  5.0
Long Blades    | 3 4 5 |  5.2
Fighting       | 4 |  4.2
Dodging        | 1 |  1.1
Stealth        | |  0.1

Action                   |  1- 3 |  4- 6 || total
-------------------------+-------+-------++-------
Melee: Long sword        |    83 |    80 ||   163
       Headbutt          |     7 |     9 ||    16
  Use: Potion            |     1 |     1 ||     2
       Scroll            |     1 |       ||     1
Armor: Scale mail        |    51 |     3 ||    54
       Chain mail        |       |    42 ||    42
Dodge: Dodged            |    54 |    37 ||    91
Block: Buckler           |    24 |    21 ||    45
